 Dungeon Crawl Stone Soup version 0.28-a0-998-gb9e9c7b67e (webtiles) character file.

Game seed: 7010555544226112597

6171 bande the Cleaver (level 10, -11/63 HPs)
             Began as a Gargoyle Fighter on Dec 6, 2021.
             Was a Believer of Okawaru.
             Mangled by a death knight (22 damage)
             ... on level 9 of the Dungeon.
             The game lasted 00:22:31 (13984 turns).

bande the Cleaver (Gargoyle Fighter)               Turns: 13984, Time: 00:22:32

Health: -11/63     AC: 29    Str: 22    XL:     10   Next: 91%
Magic:  0/12       EV:  7    Int:  9    God:    Okawaru [**....]
Gold:   1435       SH:  5    Dex: 11    Spells: 9/9 levels left

rFire   + . .      SeeInvis .   a - +1 war axe
rCold   . . .      Faith    .   c - +0 buckler
rNeg    + . .      Spirit   +   s - +0 plate armour {rF+}
rPois   ∞          Reflect  .   C - +0 helmet
rElec   +          Harm     .   B - +0 cloak
rCorr   +          Rampage  .   f - +1 pair of gloves
Will    .....                   (no boots)
Stlth   ..........              k - amulet of guardian spirit
HPRegen 0.20/turn               n - +4 ring of protection
MPRegen 0.13/turn               w - ring of resist corrosion

@: mighty
A: sickness immunity, AC +7, negative energy resistance 1, electricity
resistance, torment resistance 1, petrification resistance
a: Renounce Religion, Heroism


You were on level 9 of the Dungeon.
You worshipped Okawaru.
Okawaru was pleased with you.
You visited 2 branches of the dungeon, and saw 11 of its levels.
You also visited: Ossuary.

You collected 1435 gold pieces.

Inventory:

Hand Weapons
 a - a +1 war axe (weapon)
 l - a +0 vorpal flail
 F - a +0 war axe
Missiles
 D - 3 throwing nets (quivered)
Armour
 c - a +0 buckler (worn)
 f - a +1 pair of gloves (worn)
 s - a +0 plate armour of fire resistance (worn)
 B - a +0 cloak (worn)
 C - a +0 helmet (worn)
Jewellery
 k - an amulet of guardian spirit (around neck)
 n - a +4 ring of protection (left hand)
 w - a ring of resist corrosion (right hand)
 K - an amulet of the acrobat
Wands
 b - a wand of polymorph (10)
 g - a wand of digging (10)
 q - a wand of acid (13)
 A - a wand of flame (4)
 I - a wand of mindburst (21)
 J - a wand of iceblast (7)
Scrolls
 t - 2 scrolls of summoning
 u - 2 scrolls of fear
 v - 2 scrolls of silence
 y - 2 scrolls of blinking
 E - a scroll of enchant weapon
 G - a scroll of identify
 H - 3 scrolls of teleportation
Potions
 d - 2 potions of might
 e - a potion of resistance
 h - a potion of haste
 i - 2 potions of flight
 j - a potion of berserk rage
 m - a potion of brilliance
 o - 4 potions of curing
 p - a potion of invisibility
 r - a potion of cancellation
 x - a potion of heal wounds
 z - 2 potions of magic


   Skills:
 + Level 7.1 Fighting
 + Level 9.8 Axes
 + Level 8.0 Armour
 + Level 5.8 Shields
 * Level 3.6 Invocations
 * Level 5.7 Evocations


You had 9 spell levels left.
You didn't know any spells.
Your spell library contained the following spells:

 Spells                   Type           Power      Damage    Failure   Level
 Foxfire                  Conj/Fire      0%         2x1d4     99%         1
 Pain                     Necr           0%         1d4       99%         1
 Ensorcelled Hibernation  Hex/Ice        0%         N/A       100%        2
 Conjure Flame            Conj/Fire      0%         6-21      100%        3
 Ignite Poison            Fire/Tmut/Pois 0%         N/A       100%        3
 Inner Flame              Hex/Fire       0%         N/A       100%        3
 Mephitic Cloud           Conj/Pois/Air  0%         N/A       100%        3
 Vampiric Draining        Necr           0%         2d6       100%        3
 Cause Fear               Hex            0%         N/A       100%        4
 Flame Wave               Conj/Fire      0%         2d4       100%        4
 Sticky Flame             Conj/Fire      0%         2d3       100%        4
 Freezing Cloud           Conj/Ice/Air   0%         6-21      100%        5
 Dragon Form              Tmut           0%         N/A       100%        7
 Animate Skeleton         Necr           Unusable   N/A       N/A         1
 Tukima's Dance           Hex            Unusable   N/A       N/A         3
 Summon Forest            Summ/Tloc      Unusable   N/A       N/A         5
 Summon Mana Viper        Hex/Summ       Unusable   N/A       N/A         5
 Summon Cactus Giant      Summ           Unusable   N/A       N/A         6
 Dragon's Call            Summ           Unusable   N/A       N/A         9

Dungeon Overview and Level Annotations

Branches:
Dungeon (10/15)            Temple (1/1) D:7             Orc (0/2) D:9
Ossuary (visited)
   Lair: D:8-11

Altars:
Ashenzari
Cheibriados
Dithmenos
Elyvilon
Gozag
Hepliaklqana
Kikubaaqudgha
Makhleb
Nemelex Xobeh
Okawaru
Qazlal
Ru
Sif Muna
Trog
Uskayaw
Vehumet
Wu Jian
Xom
Yredelemnul
Zin
The Shining One
Beogh


Innate Abilities, Weirdness & Mutations

You are immune to sickness and miasma.
Your stone body is resilient. (AC +7)
You are immune to poison.
You resist negative energy. (rN+)
You are resistant to electric shocks. (rElec)
You are resistant to unholy torment.
You are immune to petrification.


Message History

The death knight hits you with a +0 great mace!
You are too injured to fight recklessly!
You are too injured to fight recklessly!
You are too injured to fight recklessly!
You are too injured to fight recklessly!
You are too injured to fight recklessly!
You are too injured to fight recklessly!
You are too injured to fight recklessly!
Unknown command.
The death knight's dark mirror aura disappears.
The death knight invokes the aid of Yredelemnul against you.
Your body is wracked with pain!
There is a stone staircase leading up here.
The death knight hits you with a +0 great mace!!
* * * LOW HITPOINT WARNING * * *
You climb upwards.
There is a stone staircase leading down here.
You feel much better.
The death knight offers itself to Yredelemnul, and fills with unholy energy.
You feel very mighty all of a sudden. The death knight completely misses you.
You hit the death knight.
The death knight is moderately wounded.
The death knight reflects your damage back at you!
You block the death knight's attack.
You slice the death knight!!
The death knight is heavily wounded.
The death knight reflects your damage back at you!
* * * LOW HITPOINT WARNING * * *
The death knight mumbles some strange prayers to Yredelemnul against you.
You struggle to resist.
You barely miss the death knight.
The death knight is heavily wounded.
You block the death knight's attack.
You hit the death knight.
The death knight is heavily wounded.
The death knight reflects your damage back at you!
* * * LOW HITPOINT WARNING * * *
The death knight hits you with a +0 great mace!!
You die...

#####8'8###.......#.# #.#
#.
..8..)...##.#####.#.####.#
## .........##.#
#.#.##...# # .._..⌠...#..#
#...##.### # .........##[#
#.####.# #
..>......##.#####.# #.# #
###########.))....####.###
# ##.#).p).......# #
#.#.(@[.......# #
#.#<#######...########
#.#.###...............
#.#.......#..........#
#....##.#.............
#..#....####..######.#
##...#### #..# #.# ##.##
#..# #.# ##.# #..### #.#


You could see a death knight (reflects damage).

Vanquished Creatures
  A deep elf pyromancer (D:10)
  7 yaks (D:9)
  A steam dragon (D:8)
  2 chaos spawn (D:9)
  An acid dragon (D:9)
  A water moccasin (D:8)
  Duvessa (D:5)
  A sky beast (D:5)
  An ice beast (D:5)
  2 orc warriors
  3 black bears
  5 ogres
  A necrophage (D:4)
  6 centaurs
  3 phantoms (D:5)
  A kobold brigand (D:8)
  2 bullfrogs
  2 scorpions (D:6)
  Dowan (D:5)
  10 killer bees
  7 wights (D:8)
  3 centaur zombies
  2 hounds
  6 orc priests
  Crazy Yiuf (D:5)
  A bullfrog skeleton (D:5)
  A gnoll shaman (D:7)
  4 iguanas
  A centaur skeleton (D:6)
  3 orc wizards
  2 hound skeletons
  A mummy (Ossuary)
  5 howler monkey zombies
  9 gnolls
  A howler monkey skeleton (D:4)
  4 adders
  2 ufetubi
  An adder skeleton (D:4)
  A worm (D:2)
  3 dart slugs
  36 orcs
  3 spectral bats (Ossuary)
  5 bats
  7 endoplasms
  4 giant cockroaches
  12 gnoll zombies (Ossuary)
  3 goblins
  A hobgoblin (D:3)
  10 jackals
  16 kobolds
  3 quokkas
  9 ball pythons
  4 bat simulacra (Ossuary)
  3 frilled lizards
  5 goblin simulacra (Ossuary)
  3 goblin zombies (Ossuary)
  3 hobgoblin zombies (Ossuary)
  A kobold simulacrum (Ossuary)
  3 kobold zombies (Ossuary)
  9 orc zombies (Ossuary)
  3 rats
  5 rat simulacra (Ossuary)
  2 spectral goblins (Ossuary)
  A spectral kobold (Ossuary)
  5 spectral rats (Ossuary)
266 creatures vanquished.

Notes
Turn   | Place    | Note
-------+----------+-------------------------------------------
     0 | D:1      | bande the Gargoyle Fighter began the quest for the Orb.
     0 | D:1      | Reached XP level 1. HP: 14/14 MP: 1/1
   397 | D:1      | Reached XP level 2. HP: 15/19 MP: 2/2
   474 | D:1      | Reached skill level 2 in Axes
  1197 | D:1      | Reached XP level 3. HP: 22/23 MP: 3/3
  1658 | D:2      | Reached skill level 3 in Axes
  1658 | D:2      | Reached XP level 4. HP: 16/29 MP: 4/4
  2820 | D:3      | Noticed an ogre
  3305 | D:2      | Reached XP level 5. HP: 33/33 MP: 5/5
  3308 | D:2      | Killed an ogre
  3647 | D:3      | Found a radiant altar of Vehumet.
  3671 | D:3      | Reached XP level 6. HP: 38/38 MP: 6/6
  3939 | D:4      | Reached skill level 4 in Axes
  4164 | D:4      | Found a broken altar of Ashenzari.
  4210 | D:4      | Noticed a black bear
  4214 | D:4      | Killed a black bear
  4215 | D:4      | Reached skill level 5 in Armour
  4215 | D:4      | Reached skill level 1 in Evocations
  4574 | D:4      | Reached XP level 7. HP: 25/44 MP: 3/7
  4943 | D:4      | Reached skill level 5 in Axes
  4946 | D:4      | HP: 2/44 [necrophage (2)]
  5720 | D:5      | Entered Level 5 of the Dungeon
  5789 | D:5      | HP: 1/44 [ogre (9)]
  6303 | D:5      | Found a runed translucent door.
  6304 | D:5      | Noticed Crazy Yiuf
  6369 | D:5      | Reached skill level 5 in Fighting
  6369 | D:5      | Reached XP level 8. HP: 29/49 MP: 4/8
  6813 | D:5      | Found an opulent altar of Gozag.
  6848 | D:5      | Identified the +7 rapier of the Penguin {vorpal, rF+ Will-
                  | rCorr}
  6869 | D:5      | Noticed Duvessa
  6891 | D:5      | Killed Duvessa
  6900 | D:5      | Noticed Dowan
  6904 | D:5      | Killed Dowan
  6970 | D:5      | Reached skill level 6 in Axes
  7733 | D:5      | Killed Crazy Yiuf
  7815 | D:6      | Identified a scroll of acquirement
  7815 | D:6      | Acquired 1037 gold pieces
  7857 | D:6      | Reached XP level 9. HP: 48/55 MP: 7/9
  7907 | D:6      | Found a sand-covered staircase.
  7921 | Ossuary  | Entered an ossuary
  8070 | Ossuary  | Reached skill level 7 in Axes
  8954 | D:7      | Found a staircase to the Ecumenical Temple.
  8977 | Temple   | Entered the Ecumenical Temple
 10424 | D:8      | Reached skill level 8 in Axes
 10678 | D:8      | Reached skill level 5 in Shields
 10799 | D:8      | Found a white marble altar of Elyvilon.
 10800 | D:8      | Found a shadowy altar of Dithmenos.
 10825 | D:8      | Found a stormy altar of Qazlal.
 10826 | D:8      | Found a hide-covered altar of Uskayaw.
 10833 | D:8      | Found a snail-covered altar of Cheibriados.
 10834 | D:8      | Found a glowing golden altar of the Shining One.
 10836 | D:8      | Found an iron altar of Okawaru.
 10839 | D:8      | Found a basalt altar of Yredelemnul.
 10846 | D:8      | Became a worshipper of Warmaster Okawaru
 10990 | D:8      | Reached XP level 10. HP: 42/61 MP: 10/10
 11152 | D:8      | Reached skill level 1 in Invocations
 11713 | D:9      | Reached skill level 5 in Evocations
 11736 | D:9      | Reached * piety under Okawaru
 11737 | D:9      | Reached skill level 9 in Axes
 11957 | D:9      | Found a shimmering altar of Xom.
 11957 | D:9      | Found the +7 mace of Variability {chain chaos}
 12725 | D:9      | Reached ** piety under Okawaru
 12912 | D:9      | Found a staircase to the Orcish Mines.
 13136 | D:10     | Entered Level 10 of the Dungeon
 13149 | D:10     | Noticed a deep elf pyromancer
 13156 | D:10     | HP: 2/63 [acid dragon/splash of acid (4)]
 13834 | D:10     | Killed a deep elf pyromancer
 13960 | D:10     | Noticed a death knight
 13966 | D:10     | Noticed a deep elf pyromancer
 13977 | D:10     | HP: 3/63 [death knight (16)]
 13984 | D:9      | Mangled by a death knight

Illustrated notes

Levels and vault maps discovered:
D:1:      nicolae_arrival_washed_ashore, layout_loops_ring,
          chequers_serial_rivers_room_a, corexii_item_surrounded_by_moat,
          minivault_19, fountainhead
D:2:      layout_basic, minmay_stone_trees_small, minmay_goblin_kobold_house
D:3:      layout_rooms, lemuel_doored_altar, chequers_serial_rivers_small_3
D:4:      layout_basic, old_standard_altar, serial_bayou_pond_a, minmay_between
D:5:      layout_basic, grunt_gozag_breadcrumbs, uniq_crazy_yiuf_cottage,
          uniq_duvessa
D:6:      layout_basic, enter_ossuary_1
D:7:      layout_layer_cave, minmay_temple_entry_drinking_statues,
          supply_closet_lemuel, eino_jars
D:8:      layout_loops_ring, nicolae_overflow_hallway_of_the_gods
D:9:      layout_loops_ring, david_orc_5, minmay_guarded_unrand_variability
D:10:     layout_basic, lemuel_tele_altar, minmay_radiant
Temple:   zaba_magenta_temple

Skill      XL: |  1  2  3  4  5  6  7  8  9 10 |
---------------+-------------------------------+-----
Axes           | 2 3 4 5 6 8 9 |  9.8
Armour         | 4 5 6 7 8 |  8.0
Fighting       | 4 5 6 7 |  7.1
Evocations     | 1 2 3 4 5 |  5.7
Shields        | 4 5 |  5.8
Invocations    | 3 |  3.6

Action                   |  1- 3 |  4- 6 |  7- 9 | 10-12 || total
-------------------------+-------+-------+-------+-------++-------
Melee: War axe           |   100 |   154 |   443 |   306 ||  1003
  Use: Scroll            |     4 |     3 |    16 |     1 ||    24
       Potion            |       |     2 |       |     3 ||     5
Armor: Scale mail        |    68 |    34 |       |       ||   102
       Plate armour      |       |    77 |   341 |   292 ||   710
       Chain mail        |       |     1 |       |       ||     1
Dodge: Dodged            |    52 |    49 |   119 |   113 ||   333
Block: Buckler           |    22 |    38 |   100 |    88 ||   248

Table legend: (Time is in decaauts)
 A = Elapsed time spent in this place.
 B = Non-inter-level travel time spent in this place.
 C = Inter-level travel time spent in this place.
 D = Time resting spent in this place.
 E = Time spent auto-exploring this place.
 F = Levels seen in this place.
 G = Mean time per level.
                   A        B        C        D        E       F      G
               +--------+--------+--------+--------+--------+-----+--------+
         Total |  14182 |  13947 |    235 |   4232 |   7179 |  12 | 1181.8 |
       Dungeon |  13658 |  13423 |    235 |   4232 |   6932 |  10 | 1365.8 |
        Temple |     85 |     85 |      0 |      0 |     54 |   1 |   85.0 |
       Ossuary |    438 |    438 |      0 |      0 |    193 |   1 |  438.0 |
               +--------+--------+--------+--------+--------+-----+--------+

Top non-repeatable levels by time:
     D:9: 2243 daAuts
     D:5: 2118 daAuts
     D:2: 2103 daAuts
     D:4: 1816 daAuts
     D:1: 1446 daAuts
     D:7: 1420 daAuts
     D:8: 1173 daAuts
     D:6: 674 daAuts
     D:3: 456 daAuts
 Ossuary: 438 daAuts
    D:10: 204 daAuts
  Temple: 85 daAuts
